 Dungeon Crawl Stone Soup version 0.30-a0-377-g5cb311bc9f (webtiles) character file.

Game seed: 15990192150783319986

300 bande the Covered (level 6, -8/39 HPs)
             Began as a Gargoyle Fighter on Nov 28, 2022.
             Mangled by a yak (10 damage)
             ... on level 5 of the Dungeon.
             The game lasted 00:04:53 (2817 turns).

bande the Covered (Gargoyle Fighter)                Turns: 2817, Time: 00:04:53

Health: -8/39      AC: 14    Str: 26    XL:     6   Next: 36%
Magic:  6/6        EV:  8    Int:  8    God:
Gold:   153        SH:  4    Dex: 11    Spells: 5/5 levels left

rFire   . . .      SeeInvis .    a - +0 war axe
rCold   . . .      Faith    .    c - +0 buckler
rNeg    + . .      Spirit   .    w - +0 chain mail
rPois   ∞          Reflect  .    (no helmet)
rElec   +          Harm     .    (no cloak)
rCorr   .          Rampage  .    (no gloves)
Will    .....                    (no boots)
Stlth   ..........               (no amulet)
HPRegen 0.26/turn                m - +6 ring of strength
MPRegen 0.10/turn                (no ring)

@: no status effects
A: sickness immunity, AC +4, negative energy resistance 1, electricity
resistance, torment resistance 1, petrification resistance
a: no special abilities


You were on level 5 of the Dungeon.
You visited 1 branch of the dungeon, and saw 5 of its levels.

You collected 153 gold pieces.

Inventory:

Hand Weapons
 a - a +0 war axe (weapon)
 q - a +0 flail
Missiles
 o - a throwing net (quivered)
Armour
 c - a +0 buckler (worn)
 w - a +0 chain mail (worn)
Jewellery
 m - a +6 ring of strength (left hand)
Scrolls
 b - a scroll of teleportation {unknown}
 e - 5 scrolls of identify {unknown}
 g - a scroll of enchant armour {unknown}
 h - a scroll of noise {unknown}
 i - a scroll of amnesia {unknown}
 k - a scroll of torment {unknown}
 n - a scroll of poison {unknown}
 p - 2 scrolls of blinking {unknown}
 r - a scroll of fear {unknown}
 s - a scroll of silence {unknown}
Potions
 d - a potion of might
 f - a potion of ambrosia {unknown}
 j - 2 potions of mutation {unknown}
 l - a potion of curing {unknown}
 t - a potion of lignification {unknown}
 u - a potion of magic {unknown}
 v - a potion of cancellation {unknown}


   Skills:
 + Level 4.3 Fighting
 + Level 4.4 Axes
 + Level 4.5 Armour
 + Level 3.8 Shields


You had 5 spell levels left.
You didn't know any spells.
Your spell library contained the following spells:

 Spells                   Type           Power      Damage    Failure   Level
 Poisonous Vapours        Pois/Air       0%         N/A       99%         2
 Ignite Poison            Fire/Tmut/Pois 0%         N/A       100%        3
 Kindle Blastsparks       Fire/Tloc/Air  0%         2d10      100%        3
 Mephitic Cloud           Conj/Pois/Air  0%         N/A       100%        3
 Freezing Cloud           Conj/Ice/Air   0%         6-21      100%        5
 Cigotuvi's Dreadful Rot  Necr/Pois/Air  Unusable   N/A       N/A         2

Dungeon Overview and Level Annotations

Branches:
Dungeon (5/15)
 Temple: D:4-7

Altars:
Elyvilon
Sif Muna


Innate Abilities, Weirdness & Mutations

You are immune to sickness and miasma.
Your stone body is resilient. (AC +4)
You are immune to poison.
You resist negative energy. (rN+)
You are resistant to electric shocks. (rElec)
You are resistant to unholy torment.
You are immune to petrification.


Message History

The yak is moderately wounded.
The yak gores you but does no damage.
You closely miss the yak.
The yak is lightly wounded.
The yak gores you but does no damage. x2
You hit the yak.
The yak is moderately wounded.
The yak closely misses you.
You closely miss the yak.
The yak is moderately wounded.
The yak gores you!
You closely miss the yak.
The yak is moderately wounded.
The yak gores you but does no damage. The yak gores you.
You hit the yak.
The yak is moderately wounded.
The yak gores you!
You are too injured to fight recklessly!
You are too injured to fight recklessly!
You are too injured to fight recklessly!
You are too injured to fight recklessly!
You are too injured to fight recklessly!
You are too injured to fight recklessly!
You are too injured to fight recklessly!
You hit the yak but do no damage.
The yak is moderately wounded.
The yak gores you but does no damage.
There is a stone staircase leading down here.
The yak gores you!
* * * LOW HITPOINT WARNING * * *
You climb downwards.
There is a stone staircase leading up here.
You hit the yak.
The yak is moderately wounded.
The yak gores you.
* * * LOW HITPOINT WARNING * * *
You closely miss the yak.
The yak is moderately wounded.
The yak gores you!
You die... # ###.# #@Y.# #####

You could see a yak.

Vanquished Creatures
  Sigmund (D:3)
  4 gnolls (D:2)
  2 adders (D:2)
  3 dart slugs (D:1)
  3 ball pythons
  8 bats
  8 endoplasms
  5 giant cockroaches
  9 goblins
  8 hobgoblins
  10 kobolds
  6 quokkas
  2 frilled lizards
  2 rats (D:1)
71 creatures vanquished.

Notes
Turn   | Place    | Note
-------+----------+-------------------------------------------
     0 | D:1      | bande the Gargoyle Fighter began the quest for the Orb.
     0 | D:1      | Reached XP level 1. HP: 14/14 MP: 1/1
   209 | D:1      | Reached XP level 2. HP: 17/19 MP: 2/2
   352 | D:1      | Reached XP level 3. HP: 23/23 MP: 3/3
   464 | D:1      | Found a faded altar of an unknown god.
  1065 | D:2      | Reached XP level 4. HP: 29/29 MP: 4/4
  1379 | D:2      | Reached XP level 5. HP: 10/33 MP: 5/5
  2104 | D:3      | Noticed Sigmund
  2112 | D:3      | Killed Sigmund
  2113 | D:3      | Reached XP level 6. HP: 35/38 MP: 6/6
  2166 | D:3      | Found a white marble altar of Elyvilon.
  2241 | D:3      | Found a shimmering blue altar of Sif Muna.
  2796 | D:4      | Noticed a yak
  2798 | D:4      | Noticed a yak
  2804 | D:4      | Noticed a yak
  2815 | D:5      | Entered Level 5 of the Dungeon
  2817 | D:5      | Mangled by a yak

Illustrated notes

Levels and vault maps discovered:
D:1:      dpeg_arrival_castle, layout_loops_ring, basic_ecumenical_altar,
          minmay_misc_feat_room
D:2:      kennysheep_big_flooded_room, layout_loops_ring
D:3:      layout_loops_cross, chequers_temple_overflow_statue_of_worship,
          corexii_leaking_fountain, nicolae_titane, uniq_sigmund
D:4:      layout_loops_ring, kennysheep_cross_room, lightli_minifort,
          uniq_duvessa, uniq_crazy_yiuf_cottage
D:5:      layout_basic, minmay_temple_entry_statues_fountains, uniq_edmund,
          uniq_eustachio

Skill      XL: |  1  2  3  4  5 |
---------------+----------------+-----
Axes           | 2 3 4 |  4.4
Armour         | 4 |  4.5
Fighting       | 4 |  4.3
Shields        | |  3.8

Action                   |  1- 3 |  4- 6 || total
-------------------------+-------+-------++-------
Melee: War axe           |    96 |    98 ||   194
Armor: Scale mail        |    57 |    55 ||   112
       Chain mail        |       |     9 ||     9
Dodge: Dodged            |    42 |    37 ||    79
Block: Buckler           |    21 |    20 ||    41

Table legend: (Time is in decaauts)
 A = Elapsed time spent in this place.
 B = Non-inter-level travel time spent in this place.
 C = Inter-level travel time spent in this place.
 D = Time resting spent in this place.
 E = Time spent auto-exploring this place.
 F = Levels seen in this place.
 G = Mean time per level.
                   A        B        C        D        E       F      G
               +--------+--------+--------+--------+--------+-----+--------+
         Total |   2894 |   2803 |     91 |    289 |   1930 |   5 |  578.8 |
       Dungeon |   2894 |   2803 |     91 |    289 |   1930 |   5 |  578.8 |
               +--------+--------+--------+--------+--------+-----+--------+

Top non-repeatable levels by time:
     D:2: 1184 daAuts
     D:1: 869 daAuts
     D:3: 626 daAuts
     D:4: 211 daAuts
     D:5: 2 daAuts
